 Dungeon Crawl Stone Soup version 0.23.1 (webtiles) character file.

Game seed: 0

1054 esteth the Firebug (level 8, -8/58 HPs)
             Began as a Gnoll Fire Elementalist on Mar 16, 2019.
             Was an Initiate of Ashenzari.
             Hit by a tomahawk thrown by an orc warrior (19 damage)
             ... on level 6 of the Dungeon.
             The game lasted 00:12:50 (5715 turns).

esteth the Firebug (Gnoll Fire Elementalist)        Turns: 5715, Time: 00:12:51

Health: -8/58      AC:  2    Str: 11    XL:     8   Next: 26%
Magic:  11/25      EV: 15    Int: 20    God:    Ashenzari [......]
Gold:   160        SH:  0    Dex: 15    Spells: 10/18 levels left

rFire    . . .     SeeInvis .   h - +0 club
rCold    . . .     Gourm    .   (no shield)
rNeg     . . .     Faith    .   a - +0 robe
rPois    .         Spirit   .   (no helmet)
rElec    .         Reflect  .   (no cloak)
rCorr    .         Harm     .   (no gloves)
MR       .....                  (no boots)
Stlth    +++.......             (no amulet)
HPRegen  0.19/turn              r - ring of magical power (curse)
MPRegen  0.19/turn              (no ring)

@: very slightly contaminated
A: distributed training, fangs 1, strong nose
a: Curse Item, Renounce Religion


You were on level 6 of the Dungeon.
You worshipped Ashenzari.
Ashenzari was noncommittal.
You were not hungry.

You visited 2 branches of the dungeon, and saw 7 of its levels.

You collected 160 gold pieces.

Inventory:

Hand Weapons
 h - a +0 club (weapon)
Armour
 a - a +0 robe (worn)
 o - a +0 leather armour
Jewellery
 r - a cursed ring of magical power (left hand)
Wands
 l - a wand of random effects (17)
 s - a wand of enslavement (4)
Scrolls
 d - a scroll of teleportation
 i - 2 scrolls of remove curse
 k - a scroll of fog
 m - a scroll of magic mapping
 p - a scroll of enchant armour {unknown}
 t - a scroll of enchant weapon {unknown}
Potions
 b - 3 potions of degeneration {unknown}
 e - 2 potions of heal wounds {unknown}
 f - a potion of mutation {unknown}
 g - 3 potions of haste {unknown}
 j - a potion of berserk rage {unknown}
 n - 2 potions of curing {unknown}
 q - a potion of agility {unknown}
 u - a potion of might {unknown}
Comestibles
 c - 10 rations
 v - a chunk of flesh


   Skills:
 + Level 3.0 Fighting
 + Level 3.0 Short Blades
 + Level 3.0 Long Blades
 + Level 3.0 Axes
 + Level 3.0 Maces & Flails
 + Level 3.0 Polearms
 + Level 3.0 Staves
 + Level 3.0 Slings
 + Level 3.0 Bows
 + Level 3.0 Crossbows
 + Level 3.0 Throwing
 + Level 3.0 Armour
 + Level 5.5 Dodging
 + Level 5.2 Stealth
 + Level 3.0 Shields
 + Level 3.0 Unarmed Combat
 + Level 5.9 Spellcasting
 + Level 3.3 Conjurations
 + Level 2.4 Hexes
 + Level 2.4 Charms
 + Level 2.4 Summonings
 + Level 2.4 Necromancy
 + Level 2.4 Translocations
 + Level 2.4 Transmutations
 + Level 6.0 Fire Magic
 + Level 2.4 Ice Magic
 + Level 2.4 Air Magic
 + Level 2.4 Earth Magic
 + Level 2.4 Poison Magic
 + Level 3.3 Invocations
 + Level 3.0 Evocations


You had 10 spell levels left.
You knew the following spells:

 Your Spells              Type           Power        Failure   Level  Hunger
a - Flame Tongue          Conj/Fire      ###..        1%          1    None
b - Sticky Flame          Conj/Fire      ###.....     16%         4    ####...
c - Conjure Flame         Conj/Fire      ###.....     4%          3    ##.....

Your spell library contained the following spells:

 Spells                   Type           Power        Failure   Level  Hunger
 Throw Flame              Conj/Fire      ###...       2%          2    None
 Inner Flame              Hex/Fire       ###.....     5%          3    ##.....
 Fireball                 Conj/Fire      ###.......   38%         5    #####..


Dungeon Overview and Level Annotations

Branches:
Dungeon (6/15)             Temple (1/1) D:4

Altars:
Ashenzari
Cheibriados
Dithmenos
Elyvilon
Fedhas
Gozag
Hepliaklqana
Kikubaaqudgha
Makhleb
Nemelex Xobeh
Okawaru
Qazlal
Ru
Sif Muna
Trog
Uskayaw
Vehumet
Wu Jian
Xom
Yredelemnul
Zin
The Shining One

Annotations:
D:4 exclusion: phantom


Innate Abilities, Weirdness & Mutations

Your experience applies equally to all skills.
You have very sharp teeth.
Your uncanny sense of smell can sniff out nearby items.


Message History

The flame tongue hits the orc wizard.
The orc wizard is lightly wounded.
The orc wizard hits you with a +0 dagger.
The orc warrior hits you from afar with a +0 halberd!
Casting: Flame Tongue (safe; 1% risk of failure)
Confirm with . or Enter, or press ? or * to list all spells.
Aiming: Flame Tongue (safe; 1% risk of failure)
Press: ? - help, Shift-Dir - straight line, f/p - orc wizard
Aim: an orc wizard, wielding a +0 dagger and wearing a +0 robe (lightly wounded)
Okay, then.
The orc warrior throws a tomahawk.
The tomahawk hits you!
The orc wizard gestures at you while chanting.
The magic dart hits you!
* * * LOW HITPOINT WARNING * * *
An orc comes into view. It is wielding a -3 flail.
You see here a tomahawk.
The orc wizard mumbles some strange words.
The orc wizard blinks!
The orc warrior throws a tomahawk.
The tomahawk hits you!!
You die...

#..## #... ##
#..####.#.## #
#.(.<......#.#
#[.####.#.##.#
#............#
#.#####...=.#
#.######....####
#<.....@.)......
#.######....###
#.# ##(.o.# #.#
#...))# #.#
#.)o........ #.#
##.....#.#o# #.#
#.....# # ..
#.#.#.# #.###.#


You could see an orc warrior and an orc wizard.

Vanquished Creatures
  Sigmund (D:3)
  An ice beast (D:5)
  A centaur (D:5)
  An ogre (D:5)
  A gnoll sergeant (D:5)
  A centaur zombie (D:5)
  A bullfrog zombie (D:5)
  A hound (D:6)
  2 orc priests
  A bullfrog skeleton (D:5)
  Terence (D:2)
  4 orc wizards
  A worker ant (D:5)
  4 gnolls (D:5)
  4 adders
  2 shadow imps (D:5)
  2 oozes
  An adder skeleton (D:4)
  2 worms (D:2)
  3 dart slugs (D:1)
  6 leopard geckos
  8 orcs
  8 bats
  3 giant cockroaches
  5 goblins
  14 hobgoblins
  8 jackals
  7 kobolds
  4 ball pythons
  6 frilled lizards
  A quokka skeleton (D:4)
  12 rats
117 creatures vanquished.

Notes
Turn   | Place    | Note
-------+----------+-------------------------------------------
     0 | D:1      | esteth the Gnoll Fire Elementalist began the quest for the
                  | Orb.
     0 | D:1      | Reached XP level 1. HP: 13/13 MP: 6/6
   183 | D:1      | Reached XP level 2. HP: 19/19 MP: 7/7
   479 | D:1      | Reached XP level 3. HP: 11/25 MP: 1/9
   482 | D:1      | Reached skill level 5 in Spellcasting
  1243 | D:2      | Reached skill level 1 in Invocations
  1368 | D:2      | Reached skill level 1 in Fighting
  1368 | D:2      | Reached skill level 1 in Short Blades
  1368 | D:2      | Reached skill level 1 in Long Blades
  1368 | D:2      | Reached skill level 1 in Axes
  1368 | D:2      | Reached skill level 1 in Maces & Flails
  1368 | D:2      | Reached skill level 1 in Polearms
  1368 | D:2      | Reached skill level 1 in Staves
  1368 | D:2      | Reached skill level 1 in Slings
  1368 | D:2      | Reached skill level 1 in Bows
  1368 | D:2      | Reached skill level 1 in Crossbows
  1368 | D:2      | Reached skill level 1 in Throwing
  1368 | D:2      | Reached skill level 1 in Armour
  1368 | D:2      | Reached skill level 1 in Shields
  1368 | D:2      | Reached skill level 1 in Unarmed Combat
  1368 | D:2      | Reached skill level 1 in Evocations
  1495 | D:2      | Noticed Terence
  1506 | D:2      | Killed Terence
  1506 | D:2      | Reached XP level 4. HP: 19/32 MP: 0/11
  1777 | D:2      | Reached skill level 1 in Hexes
  1777 | D:2      | Reached skill level 1 in Charms
  1777 | D:2      | Reached skill level 1 in Summonings
  1777 | D:2      | Reached skill level 1 in Necromancy
  1777 | D:2      | Reached skill level 1 in Translocations
  1777 | D:2      | Reached skill level 1 in Transmutations
  1777 | D:2      | Reached skill level 1 in Ice Magic
  1777 | D:2      | Reached skill level 1 in Air Magic
  1777 | D:2      | Reached skill level 1 in Earth Magic
  1777 | D:2      | Reached skill level 1 in Poison Magic
  2199 | D:2      | Found an ornate altar of the Wu Jian Council.
  2371 | D:2      | Reached XP level 5. HP: 28/37 MP: 9/12
  2706 | D:3      | Learned a level 4 spell: Sticky Flame
  2710 | D:3      | Learned a level 3 spell: Conjure Flame
  2743 | D:3      | Found a faded altar of an unknown god.
  2825 | D:3      | Noticed Sigmund
  2938 | D:3      | Killed Sigmund
  2938 | D:3      | Reached skill level 5 in Dodging
  2938 | D:3      | Reached XP level 6. HP: 25/44 MP: 5/14
  3121 | D:3      | Found a burning altar of Makhleb.
  3747 | D:4      | Found a staircase to the Ecumenical Temple.
  3758 | Temple   | Entered the Ecumenical Temple
  3888 | Temple   | Became a worshipper of Ashenzari the Shackled
  3953 | D:4      | Noticed a phantom
  4065 | D:5      | Entered Level 5 of the Dungeon
  4065 | D:5      | Noticed an ice beast
  4435 | D:5      | Reached XP level 7. HP: 16/50 MP: 15/15
  5013 | D:5      | Reached skill level 5 in Stealth
  5152 | D:5      | Reached skill level 6 in Fire Magic
  5152 | D:5      | Reached XP level 8. HP: 57/57 MP: 16/16
  5715 | D:6      | Hit by a tomahawk thrown by an orc warrior

Skill      XL: |  1  2  3  4  5  6  7  8 |
---------------+-------------------------+-----
Conjurations   | 2 3 |  3.3
Spellcasting   | 5 |  5.9
Invocations    | 1 2 3 |  3.3
Fighting       | 1 2 3 |  3.0
Short Blades   | 1 2 3 |  3.0
Long Blades    | 1 2 3 |  3.0
Axes           | 1 2 3 |  3.0
Maces & Flails | 1 2 3 |  3.0
Polearms       | 1 2 3 |  3.0
Staves         | 1 2 3 |  3.0
Slings         | 1 2 3 |  3.0
Bows           | 1 2 3 |  3.0
Crossbows      | 1 2 3 |  3.0
Throwing       | 1 2 3 |  3.0
Armour         | 1 2 3 |  3.0
Shields        | 1 2 3 |  3.0
Unarmed Combat | 1 2 3 |  3.0
Evocations     | 1 2 3 |  3.0
Hexes          | 1 2 |  2.4
Charms         | 1 2 |  2.4
Summonings     | 1 2 |  2.4
Necromancy     | 1 2 |  2.4
Translocations | 1 2 |  2.4
Transmutations | 1 2 |  2.4
Ice Magic      | 1 2 |  2.4
Air Magic      | 1 2 |  2.4
Earth Magic    | 1 2 |  2.4
Poison Magic   | 1 2 |  2.4
Dodging        | 5 |  5.5
Stealth        | 5 |  5.2
Fire Magic     | 6 |  6.0

Action                   |  1- 3 |  4- 6 |  7- 9 || total
-------------------------+-------+-------+-------++-------
Melee: Unarmed           |     2 |       |       ||     2
       Club              |    41 |    98 |    19 ||   158
       Bite              |     2 |    10 |     5 ||    17
       Punch             |       |     2 |     1 ||     3
 Cast: Flame Tongue      |    60 |    79 |    75 ||   214
       Sticky Flame      |       |       |     2 ||     2
Invok: Curse Item        |       |     1 |       ||     1
  Use: Scroll            |       |     7 |     1 ||     8
 Stab: Sleeping          |     5 |    10 |     1 ||    16
  Eat: Chunk             |     2 |     7 |     3 ||    12
       Ration            |       |       |     1 ||     1
Armor: Robe              |     9 |    14 |     1 ||    24
Dodge: Dodged            |    53 |   110 |    43 ||   206
